 Dungeon Crawl Stone Soup version 0.24-a0-375-g4de66ed42b (webtiles) character file.

Game seed: 897136674838514296

1461 Holzbalken the Martial Artist (level 8, -3/48 HPs)
             Began as an Octopode Transmuter on May 31, 2019.
             Was a Follower of Dithmenos.
             Slain by an orc warrior
             ... wielding a +0 battleaxe
              (24 damage)
             ... on level 5 of the Dungeon.
             The game lasted 00:22:56 (5509 turns).

Holzbalken the Martial Artist (Octopode Transmuter) Turns: 5509, Time: 00:22:57

Health: -3/48      AC:  1    Str: 10    XL:     8   Next: 77%
Magic:  14/14      EV: 15    Int: 17    God:    Dithmenos [*.....]
Gold:   263        SH:  0    Dex: 14    Spells: 12/15 levels left

rFire    . . .     SeeInvis +     - Unarmed
rCold    . . .     Gourm    .   (no shield)
rNeg     . . .     Faith    .   (helmet restricted)
rPois    .         Spirit   .   (no amulet)
rElec    .         Reflect  .   g - ring of flight
rCorr    .         Harm     .   k - +2 ring of intelligence
MR       .....                  p - +1 ring of slaying
Stlth    +++.......             q - +2 ring of evasion
HPRegen  0.16/turn              t - ring of see invisible
MPRegen  0.14/turn              (no ring)
                                (no ring)
                                (no ring)

@: appendage, wreathed by umbra
A: almost no armour, stealthy swim, amphibious, 8 rings, constrict 8, tentacle
spike 3, camouflage 1, gelatinous body 1
a: End Transformation, Renounce Religion, Evoke Flight


You were on level 5 of the Dungeon.
You worshipped Dithmenos.
Dithmenos was aware of your devotion.
You were not hungry.
One of your tentacles had a temporary spike.
You visited 2 branches of the dungeon, and saw 6 of its levels.

You collected 263 gold pieces.

Inventory:

Missiles
 a - 130 arrows
Jewellery
 g - a ring of flight (left tentacle)
 k - a +2 ring of intelligence (right tentacle)
 p - a +1 ring of slaying (on tentacle)
 q - a +2 ring of evasion (on tentacle)
 t - a ring of see invisible (on tentacle)
Scrolls
 b - a scroll of noise {unknown}
 h - 2 scrolls of remove curse
 j - 2 scrolls of amnesia
 m - a scroll of identify
 o - a scroll of fear {unknown}
 r - a scroll of enchant weapon {unknown}
 v - a scroll of immolation {unknown}
 w - a scroll of blinking {unknown}
Potions
 d - a potion of might
 e - a potion of ambrosia {unknown}
 f - a potion of berserk rage
 i - 2 potions of cancellation
 l - a potion of heal wounds {unknown}
 n - 3 potions of agility
 s - a potion of degeneration {unknown}
Comestibles
 c - 5 rations


   Skills:
 - Level 1.0 Fighting
 - Level 2.0 Dodging
 * Level 9.6 Unarmed Combat
 - Level 4.1 Spellcasting
 - Level 4.0 Transmutations


You had 12 spell levels left.
You knew the following spells:

 Your Spells              Type           Power        Failure   Level  Hunger
a - Beastly Appendage     Tmut           ###...       3%          1    None
b - Sticks to Snakes      Tmut           ###.....     4%          2    ##.....

Your spell library contained the following spells:

 Spells                   Type           Power        Failure   Level  Hunger
 Spider Form              Tmut/Pois      ##........   21%         3    ###....
 Ice Form                 Ice/Tmut       ##......     56%         4    ####...
 Blade Hands              Tmut           ###.......   63%         5    ######.


Dungeon Overview and Level Annotations

Branches:
Dungeon (5/15)             Temple (1/1) D:4

Altars:
Ashenzari
Cheibriados
Dithmenos
Elyvilon
Fedhas
Gozag
Hepliaklqana
Kikubaaqudgha
Makhleb
Nemelex Xobeh
Qazlal
Uskayaw
Vehumet
Wu Jian
Xom
Zin
The Shining One


Innate Abilities, Weirdness & Mutations

You cannot wear most types of armour.
You are very stealthy in the water. (Stealth+)
You are amphibious.
You can wear up to eight rings at the same time.
You can use your tentacles to constrict eight enemies at once.
Your skin changes colour to match your surroundings (Stealth+).
Your rubbery body absorbs attacks. (AC +1, EV +1)
One of your tentacles bears a large vicious spike.


Message History

You pierce the orc warrior, but do no damage.
You tentacle-slap the orc warrior, but do no damage.
You constrict the orc warrior, but do no damage.
The orc warrior barely misses you.
You bludgeon the orc warrior!
You pierce the orc warrior.
The orc warrior is heavily wounded.
You constrict the orc warrior, but do no damage.
The orc warrior hits you with a +0 battleaxe!
You tentacle-slap the orc warrior but do no damage.
You tentacle-slap the orc warrior.
You squeeze the orc warrior, but do no damage.
The orc warrior is heavily wounded.
You constrict the orc warrior, but do no damage.
You tentacle-slap the orc warrior but do no damage.
You pierce the orc warrior.
The orc warrior is heavily wounded.
You constrict the orc warrior, but do no damage.
The orc warrior hits you with a +0 battleaxe!!
Ouch! That really hurt!
You die...

... #.###.## .. ...
##.##..## ###.# #..
#..)..... ....## #.#
#........ ....8 ###.#
#........ #....#.##.#
##........ #.8....
#.###.....)...
#.#...#)###.##......)...
#.oo[#@##...#.#........
#o##.#....#........
#.#..##.##.##.#####.
#######.......##....
...........#..#..
##...............
#...........###.
#........#### ##
#........# #


You could see an orc warrior.

Vanquished Creatures
  Menkaure (D:5)
  A sky beast (D:5)
  2 centaurs
  A necrophage (D:5)
  A phantom (D:4)
  A big kobold (D:4)
  A bullfrog (D:5)
  A scorpion (D:5)
  A howler monkey (D:2)
  A crimson imp (D:2)
  A centaur zombie (D:5)
  3 hounds
  A jelly (D:5)
  4 orc priests (D:5)
  6 orc wizards (D:5)
  2 worker ants (D:4)
  4 adders
  A shadow imp (D:5)
  2 oozes
  An adder skeleton (D:4)
  2 worms
  4 dart slugs
  3 leopard geckos
  13 orcs
  A ball python (D:3)
  7 bats
  3 giant cockroaches
  8 hobgoblins
  10 jackals
  9 kobolds
  A quokka (D:3)
  2 frilled lizards
  7 goblins
  10 rats
116 creatures vanquished.

Notes
Turn   | Place    | Note
-------+----------+-------------------------------------------
     0 | D:1      | Holzbalken the Octopode Transmuter began the quest for the
                  | Orb.
     0 | D:1      | Reached XP level 1. HP: 13/13 MP: 3/3
    95 | D:1      | Reached XP level 2. HP: 9/18 MP: 5/5
   337 | D:1      | Reached XP level 3. HP: 21/23 MP: 4/6
   983 | D:2      | Reached skill level 4 in Unarmed Combat
   983 | D:2      | Reached XP level 4. HP: 21/28 MP: 5/8
  1102 | D:2      | Found a faded altar of an unknown god.
  1224 | D:2      | Found a burning altar of Makhleb.
  1237 | D:2      | Reached XP level 5. HP: 31/33 MP: 9/9
  1244 | D:2      | Learned a level 2 spell: Sticks to Snakes
  1347 | D:2      | Found a shattered altar of Ashenzari.
  1348 | D:2      | Found a blossoming altar of Fedhas.
  1357 | D:2      | Found a snail-covered altar of Cheibriados.
  2309 | D:3      | Noticed a centaur
  2320 | D:3      | Killed a centaur
  2320 | D:3      | Reached skill level 5 in Unarmed Combat
  2320 | D:3      | Reached XP level 6. HP: 28/38 MP: 9/11
  2433 | D:4      | Noticed a phantom
  2784 | D:4      | Killed a phantom
  2958 | D:4      | Found a staircase to the Ecumenical Temple.
  2963 | Temple   | Entered the Ecumenical Temple
  3145 | Temple   | Became a worshipper of Dithmenos the Shadowed
  3205 | D:4      | Reached XP level 7. HP: 29/43 MP: 12/12
  3334 | D:4      | Reached skill level 6 in Unarmed Combat
  3904 | D:5      | Entered Level 5 of the Dungeon
  4061 | D:5      | Found an ornate altar of the Wu Jian Council.
  4070 | D:5      | Reached skill level 7 in Unarmed Combat
  4118 | D:5      | Noticed Menkaure
  4493 | D:5      | Reached XP level 8. HP: 30/48 MP: 14/14
  4522 | D:5      | Reached skill level 8 in Unarmed Combat
  4796 | D:5      | Reached * piety under Dithmenos
  5202 | D:5      | Killed Menkaure
  5214 | D:5      | Reached skill level 9 in Unarmed Combat
  5509 | D:5      | Slain by an orc warrior

Levels and vault maps discovered:
D:1:      grunt_arrival_lava_bath, layout_rooms, st_stairs_5,
          chequers_serial_rivers_micro_c, hangedman_decor_opposing
D:2:      layout_loops_ring, makhleb_grotto_becter, cheibriados_altar_1,
          grunt_temple_overflow_open, chequers_ecumenical_altar_lobes,
          first_ration
D:3:      layout_loops_ring
D:4:      layout_loops_ring, temple_doors_e, hangedman_decor_diamond_cutter,
          glass_columns_a
D:5:      layout_rooms, lemuel_round_altar, guppyfry_early_orc_mine,
          uniq_menkaure
Temple:   hc_temple_tempest_star

Skill      XL: |  1  2  3  4  5  6  7  8 |
---------------+-------------------------+-----
Unarmed Combat | 4 5 7 9 |  9.6
Transmutations | 3 4 |  4.0
Spellcasting   | 3 4 |  4.1
Fighting       | |  1.0
Dodging        | |  2.0

Action                   |  1- 3 |  4- 6 |  7- 9 || total
-------------------------+-------+-------+-------++-------
Melee: Unarmed           |    83 |   120 |   102 ||   305
       Constrict         |    24 |    25 |    25 ||    74
       Tentacles         |    16 |    25 |    23 ||    64
       Punch             |     1 |     4 |     7 ||    12
       Kick              |     2 |    13 |    21 ||    36
 Cast: Beastly Appendage |     6 |     8 |     5 ||    19
  Use: Scroll            |       |     8 |       ||     8
 Stab: Sleeping          |     2 |     4 |     3 ||     9
       Distracted        |       |     1 |       ||     1
  Eat: Chunk             |       |     7 |     4 ||    11
       Ration            |       |       |     1 ||     1
Armor: Skin              |    14 |     8 |     1 ||    23
Dodge: Dodged            |    68 |    69 |    59 ||   196

Table legend:
 A = Non-vault XP
 B = Vault XP
 C = Vault XP percentage of total XP
 D = Non-vault monster count
 E = Vault monster count
 F = Vault count percentage of total count
                 A         B        C        D         E       F
            +---------+---------+-------+---------+---------+-------
      Total |    1773 |     315 |  15.1 |     106 |      10 |   8.6
            +---------+---------+-------+---------+---------+-------
        D:1 |      47 |       8 |  14.5 |      28 |       3 |   9.7
        D:2 |     100 |      46 |  31.5 |      18 |       1 |   5.3
        D:3 |     207 |       0 |   0.0 |      28 |       0 |   0.0
        D:4 |     407 |       0 |   0.0 |      11 |       0 |   0.0
        D:5 |    1012 |     261 |  20.5 |      21 |       6 |  22.2
            +---------+---------+-------+---------+---------+-------
